 Dungeon Sprint DCSS version 0.24-a0-537-g2d01d4a (webtiles) character file.

Game seed: 1463485189396044874

723 silentkaos13 the Destroyer (level 7, -10/36 HPs)
             Began as a Deep Elf Conjurer on Aug 16, 2019.
             Was a Follower of Sif Muna.
             Mangled by a sun demon (17 damage)
             ... summoned by a kobold demonologist
             ... in the Dungeon (Sprint I: "Red Sonja").
             The game lasted 00:03:49 (793 turns).

silentkaos13 the Destroyer (Deep Elf Conjurer)       Turns: 793, Time: 00:03:50

Health: -10/36     AC:  2    Str:  5    XL:     7   Next: 43%
Magic:  9/20       EV: 16    Int: 22    God:    Sif Muna [*.....]
Gold:   405        SH:  0    Dex: 15    Spells: 7/21 levels left

rFire    . . .     SeeInvis .     - Unarmed
rCold    . . .     Gourm    .   (no shield)
rNeg     . . .     Faith    .   a - +0 robe
rPois    .         Spirit   .   (no helmet)
rElec    .         Reflect  .   (no cloak)
rCorr    .         Harm     .   (no gloves)
MR       .....     NoTele   +   (no boots)
Stlth    +++.......             (no amulet)
HPRegen  0.12/turn              (no ring)
MPRegen  0.17/turn              (no ring)

@: no status effects
A: no striking features
a: Channel Magic, Renounce Religion


You were in the Dungeon.
You worshipped Sif Muna.
Sif Muna was aware of your devotion.
You were not hungry.

You visited 1 branch You collected 405 gold pieces.

Inventory:

Armour
 a - a +0 robe (worn)
Scrolls
 i - a scroll of blinking
Potions
 b - a potion of berserk rage
 d - a potion of curing
 e - a potion of heal wounds
 f - a potion of haste
 g - 2 potions of magic
Comestibles
 c - 3 rations


   Skills:
 + Level 6.1 Dodging
 + Level 5.2 Stealth
 + Level 2.9 Unarmed Combat
 + Level 7.5 Spellcasting
 + Level 14.6 Conjurations
 + Level 3.0 Hexes


You had 7 spell levels left.
You knew the following spells:

 Your Spells              Type           Power        Failure   Level  Hunger
a - Magic Dart            Conj           ####         1%          1    None
b - Searing Ray           Conj           ######       1%          2    None
c - Dazzling Spray        Conj/Hex       #####.       1%          3    None
d - Fulminant Prism       Conj/Hex       #####.....   1%          4    ###....
e - Force Lance           Conj/Tloc      #####...     3%          4    ###....

Your spell library contained the following spells:

 Spells                   Type           Power        Failure   Level  Hunger
 Iskenderun's Mystic Bla  Conj           ######..     1%          4    ###....


Dungeon Overview and Level Annotations

Branches:
Dungeon (1/1)

Altars:
Cheibriados
Dithmenos
Elyvilon
Fedhas
Gozag
Hepliaklqana
Kikubaaqudgha
Makhleb
Nemelex Xobeh
Okawaru
Qazlal
Ru
Sif Muna
Trog
Uskayaw
Vehumet
Wu Jian
Xom
Yredelemnul
Zin
The Shining One
Jiyva
Lugonu

Shops:
D [


Message History

Press: ? - help, Shift-Dir - straight line, f/p - floating eye
Aim: a floating eye (heavily wounded, fully charged)
The searing ray hits the floating eye!
You kill the floating eye!
Sif Muna accepts your kill.
You can now call upon Sif Muna for magical energy.
Your Dodging skill increases to level 6!
Your Hexes skill increases to level 3! (Press . to maintain the ray.)
The kobold demonologist casts a spell.
The searing ray hits the sun demon!
The sun demon is heavily wounded.
The sun demon hits you.
You are engulfed in flames!!
Ouch! That really hurt!
The searing ray hits the sun demon!
The sun demon is severely wounded.
The sun demon hits you!
* * * LOW HITPOINT WARNING * * *
You are engulfed in flames!
You die...

######################
.)'..#..'..#__#.@3K3.#
..#..)..#..'..'..#K..#
####'#####'#__#### 5.+
###..#...#.#### ##
__####..##.#
_____##'#_.+
_.∩...'..._#
_..__##_.#'#
_____###+#.#


You could see a soul eater, a sun demon, 2 kobold demonologists and a crimson
imp.

Vanquished Creatures
  A slime creature (D)
  Sigmund (D)
  A yak (D)
  A floating eye (D)
  An ogre (D)
  A jelly (D)
  Ijyb (D)
7 creatures vanquished.

Vanquished Creatures (others)
  A gargoyle (D)
  5 fulminant prisms (D)
6 creatures vanquished.

Grand Total: 13 creatures vanquished

Notes
Turn   | Place    | Note
-------+----------+-------------------------------------------
     0 | D        | silentkaos13 the Deep Elf Conjurer began the quest for the
                  | Orb.
     0 | D        | Reached XP level 1. HP: 10/10 MP: 6/6
     2 | D        | Noticed Ijyb
    22 | D        | Killed Ijyb
    22 | D        | Reached skill level 6 in Conjurations
    22 | D        | Reached XP level 2. HP: 15/15 MP: 6/8
    96 | D        | Learned a level 2 spell: Searing Ray
    98 | D        | Noticed an ogre
   107 | D        | Killed an ogre
   107 | D        | Reached skill level 1 in Unarmed Combat
   107 | D        | Reached skill level 9 in Conjurations
   107 | D        | Reached XP level 3. HP: 19/19 MP: 0/11
   107 | D        | Reached XP level 4. HP: 24/24 MP: 0/12
   198 | D        | Learned a level 3 spell: Dazzling Spray
   203 | D        | Learned a level 4 spell: Fulminant Prism
   213 | D        | Noticed Sigmund
   252 | D        | Killed Sigmund
   252 | D        | Reached skill level 5 in Spellcasting
   252 | D        | Reached skill level 11 in Conjurations
   252 | D        | Reached skill level 1 in Hexes
   252 | D        | Reached XP level 5. HP: 19/28 MP: 0/15
   468 | D        | Found an ornate altar of the Wu Jian Council.
   468 | D        | Found a shimmering blue altar of Sif Muna.
   474 | D        | Reached skill level 5 in Dodging
   474 | D        | Reached skill level 12 in Conjurations
   474 | D        | Reached XP level 6. HP: 32/32 MP: 10/17
   477 | D        | Found a radiant altar of Vehumet.
   489 | D        | Became a worshipper of Sif Muna the Loreminder
   521 | D        | Learned a level 4 spell: Force Lance
   539 | D        | Found Ifeff's Antique Armour Emporium.
   539 | D        | Found an ancient bone altar of Kikubaaqudgha.
   539 | D        | Found a hazy altar of Hepliaklqana.
   539 | D        | Found a stormy altar of Qazlal.
   539 | D        | Found a hide-covered altar of Uskayaw.
   539 | D        | Found a blossoming altar of Fedhas.
   539 | D        | Found a bloodstained altar of Trog.
   539 | D        | Found an iron altar of Okawaru.
   539 | D        | Found a basalt altar of Yredelemnul.
   539 | D        | Found a glowing golden altar of the Shining One.
   539 | D        | Found a snail-covered altar of Cheibriados.
   539 | D        | Found a sacrificial altar of Ru.
   539 | D        | Found a glowing silver altar of Zin.
   539 | D        | Found a shadowy altar of Dithmenos.
   539 | D        | Found a white marble altar of Elyvilon.
   539 | D        | Noticed a yak
   547 | D        | Killed a yak
   547 | D        | Reached skill level 13 in Conjurations
   548 | D        | Found an opulent altar of Gozag.
   549 | D        | Found a sparkling altar of Nemelex Xobeh.
   612 | D        | Found a burning altar of Makhleb.
   612 | D        | Found a viscous altar of Jiyva.
   612 | D        | Found a shimmering altar of Xom.
   612 | D        | Found a corrupted altar of Lugonu.
   612 | D        | Noticed a slime creature
   618 | D        | Killed a slime creature
   618 | D        | Reached skill level 5 in Stealth
   618 | D        | Reached skill level 14 in Conjurations
   618 | D        | Reached XP level 7. HP: 17/36 MP: 9/19
   719 | D        | Killed a gargoyle
   784 | D        | Noticed a kobold demonologist
   784 | D        | Noticed a kobold demonologist
   785 | D        | Noticed a sun demon
   787 | D        | Paralysed by a floating eye for 4 turns
   790 | D        | Noticed a soul eater
   791 | D        | Reached * piety under Sif Muna
   793 | D        | Mangled by a sun demon

Levels and vault maps discovered:
D:        dungeon_sprint_1 [red_sonja_temple_1, red_sonja_temple_small_1]

Skill      XL: |  1  2  3  4  5  6  7 |
---------------+----------------------+-----
Dodging        | 3 4 5 6 |  6.1
Stealth        | 3 4 5 |  5.2
Conjurations   | 6 9 11 12 14 | 14.6
Unarmed Combat | 1 2 |  2.9
Spellcasting   | 4 5 6 7 |  7.5
Hexes          | 1 2 3 |  3.0

Action                   |  1- 3 |  4- 6 |  7- 9 || total
-------------------------+-------+-------+-------++-------
Melee: Unarmed           |    19 |       |       ||    19
 Cast: Magic Dart        |     1 |     4 |       ||     5
       Searing Ray       |     1 |     3 |     2 ||     6
       Dazzling Spray    |       |     2 |       ||     2
       Fulminant Prism   |       |     4 |     1 ||     5
  Use: Potion            |     1 |       |       ||     1
Armor: Robe              |     4 |       |       ||     4
Dodge: Dodged            |     7 |       |       ||     7

Table legend:
 A = Non-vault XP
 B = Vault XP
 C = Vault XP percentage of total XP
 D = Non-vault monster count
 E = Vault monster count
 F = Vault count percentage of total count
                 A         B        C        D         E       F
            +---------+---------+-------+---------+---------+-------
      Total |       0 |    1033 | 100.0 |       0 |       7 | 100.0
            +---------+---------+-------+---------+---------+-------
          D |       0 |    1033 | 100.0 |       0 |       7 | 100.0
            +---------+---------+-------+---------+---------+-------
